 Dungeon Crawl Stone Soup version 0.22-a0-422-g9628fc8 (webtiles) character file.

526611 mortelune the Sorcerer (level 24, 0/152 HPs)
             Began as a Deep Elf Fire Elementalist on May 17, 2018.
             Was the Champion of Ashenzari.
             Slain by an azure jelly (5 damage)
             ... created by the Royal Jelly
             ... on level 5 of the Pits of Slime on May 21, 2018.
             The game lasted 07:08:25 (102638 turns).

mortelune the Sorcerer (DEFE)                     Turns: 102638, Time: 07:08:26

Health: 0/152      AC: 32    Str: 13    XL:     24   Next: 82%
Magic:  6/51       EV: 22    Int: 43    God:    Ashenzari [******]
Gold:   3704       SH:  9    Dex: 18    Spells: 14/67 levels left

rFire    . . .     SeeInvis +   r - staff of air
rCold    . . .     Gourm    .   Q - +3 buckler of Indomitability {Int+7} (curse)
rNeg     . . .     Faith    .   G - +6 scale mail of Recsou Fora {+Blink Str+3 Stlth+} (curse)
rPois    .         Spirit   .   (helmet restricted)
rElec    +         Reflect  .   A - +2 cloak {+Inv} (curse)
rCorr    +         Harm     .   B - +2 pair of gloves {Dex+3} (curse)
MR       +++..     Clarity  +   b - +1 pair of boots (curse)
Stlth    ++........             C - amulet of the acrobat (curse)
HPRegen  0.35/turn              v - ring of the Commoners {MR+ AC+6 Int+3 Slay+5} (curse)
MPRegen  0.32/turn              k - ring "Aruti" {rCorr Int+3}

@: no status effects
A: horns 2, blurry vision 1, shaggy fur 1, strong 1, wild magic 1
}: 2/15 runes: barnacled, gossamer
a: Curse Item, Scrying, Transfer Knowledge, Renounce Religion, Evoke Blink,
Evoke Invisibility


You were on level 5 of the Pits of Slime.
You worshipped Ashenzari.
Ashenzari was exalted by your worship.
You were not hungry.

You visited 10 branches of the dungeon, and saw 48 of its levels.
You also visited: Bailey, Ice Cave and Desolation.

You collected 6519 gold pieces.
You spent 2815 gold pieces at shops.

Inventory:

Hand Weapons
 F - a +2 scimitar of holy wrath
Armour
 b - a cursed +1 pair of boots (worn)
 l - a cursed +2 helmet of intelligence
 A - a cursed +2 cloak of invisibility (worn)
 B - a cursed +2 pair of gloves of dexterity (worn)
 G - the cursed +6 scale mail of Recsou Fora (worn) {+Blink Str+3 Stlth+}
   (You found it on level 4 of the Lair of Beasts)

   It affects your strength (+3).
   It lets you blink.
   It makes you more stealthy.
   It has a curse placed upon it.
 Q - the cursed +3 buckler of Indomitability (worn) {Int+7}
   (You bought it in a shop on level 8 of the Dungeon)

   It affects your intelligence (+7).
   It has a curse placed upon it.
Magical Staves
 n - an uncursed staff of energy
 r - an uncursed staff of air (weapon)
Jewellery
 k - the ring "Aruti" (right hand) {rCorr Int+3}
   (You bought it in a shop on level 2 of the Elven Halls)

   [ring of resist corrosion]

   It affects your intelligence (+3).
 p - an uncursed ring of protection from cold
 v - the cursed ring of the Commoners (left hand) {MR+ AC+6 Int+3 Slay+5}
   (You acquired it on level 6 of the Lair of Beasts)

   [ring of protection]

   It affects your AC (+6).
   It affects your intelligence (+3).
   It affects your accuracy and damage with ranged weapons and melee attacks
   (+5).
   It affects your resistance to hostile enchantments.
   It has a curse placed upon it.
 C - a cursed amulet of the acrobat (around neck)
 I - an uncursed ring of protection from magic
 N - an uncursed amulet of regeneration
 T - an uncursed ring of protection from fire
 X - a +4 ring of dexterity
Wands
 a - a wand of acid (26)
 i - a wand of digging (9)
 w - a wand of polymorph (22)
 z - a wand of paralysis (14)
 K - a wand of clouds (12)
 Y - a wand of iceblast (25)
Scrolls
 d - a scroll of blinking
 f - 8 scrolls of enchant armour
 g - 17 scrolls of teleportation
 h - 5 scrolls of amnesia
 m - 10 scrolls of remove curse
 s - 8 scrolls of fog
 t - 4 scrolls of magic mapping
 y - 26 scrolls of identify
 E - 6 scrolls of enchant weapon
 H - 9 scrolls of fear
 O - 3 scrolls of summoning
 S - a scroll of holy word
Potions
 e - 7 potions of berserk rage
 j - 9 potions of curing
 q - 7 potions of flight
 u - 5 potions of agility
 x - 3 potions of brilliance
 D - a potion of invisibility
 J - 2 potions of resistance
 L - 7 potions of might
 M - 2 potions of mutation
 P - a potion of heal wounds
 R - a potion of magic
 U - 9 potions of haste
 Z - 3 potions of cancellation
Miscellaneous
 o - a crystal ball of energy
 V - a fan of gales
Comestibles
 c - 30 rations


   Skills:
 + Level 16.0 Fighting
 - Level 7.0 Long Blades
 + Level 11.1(13.8) Armour
 - Level 16.8(19.2) Dodging
 - Level 2.4 Stealth
 - Level 3.7(6.4) Shields
 + Level 22.2 Spellcasting
 + Level 16.4(18.9) Conjurations
 - Level 4.7(7.7) Necromancy
 + Level 17.2(19.6) Fire Magic
 - Level 18.4(20.7) Air Magic
 - Level 3.3(6.0) Earth Magic
 - Level 6.7(9.8) Evocations


You had 14 spell levels left.
You knew the following spells:

 Your Spells              Type           Power        Failure   Level  Hunger
a - Flame Tongue          Conj/Fire      #####        1%          1    None
b - Throw Flame           Conj/Fire      ######       1%          2    None
c - Conjure Flame         Conj/Fire      ########     1%          3    None
d - Sticky Flame          Conj/Fire      ########     1%          4    None
e - Fireball              Conj/Fire      ########..   1%          5    None
f - Shock                 Conj/Air       ####         1%          1    None
g - Animate Dead          Necr           N/A          1%          4    None
h - Ignition              Fire           ########..   4%          8    None
i - Iron Shot             Conj/Erth      ########..   2%          6    None
q - Freezing Cloud        Conj/Ice/Air   ########..   1%          6    None
s - Chain Lightning       Conj/Air       #########.   4%          8    None
z - Lightning Bolt        Conj/Air       #########.   1%          5    None

Your spell library contained the following spells:

 Spells                   Type           Power        Failure   Level  Hunger
 Cause Fear               Hex            ######....   16%         4    None
 Magic Dart               Conj           ####         1%          1    None
 Apportation              Tloc           ######       2%          1    None
 Bolt of Cold             Conj/Ice       ########..   6%          6    None
 Bolt of Magma            Conj/Fire/Erth ########..   1%          5    None
 Slow                     Hex            ######..     3%          2    None
 Confuse                  Hex            ######..     5%          3    None
 Invisibility             Hex            ######..     89%         6    None
 Throw Frost              Conj/Ice       ######       1%          2    None
 Ring of Flames           Chrm/Fire      ########..   24%         7    None
 Summon Small Mammal      Summ           ####         2%          1    None
 Lehudib's Crystal Spear  Conj/Erth      ########..   52%         8    None
 Fire Storm               Conj/Fire      ########..   50%         9    ##.....
 Iskenderun's Mystic Bla  Conj           ########     1%          4    None
 Pain                     Necr           ####         1%          1    None
 Animate Skeleton         Necr           N/A          1%          1    None
 Vampiric Draining        Necr           #######...   1%          3    None
 Freeze                   Ice            ####         2%          1    None
 Ozocubu's Refrigeration  Ice            ######....   89%         6    None
 Summon Ice Beast         Ice/Summ       ######..     16%         4    None
 Ozocubu's Armour         Chrm/Ice       ######..     5%          3    None
 Poison Arrow             Conj/Pois      ########..   6%          6    None
 Regeneration             Chrm/Necr      #######...   1%          3    None
 Sublimation of Blood     Necr           #######...   1%          2    None
 Tukima's Dance           Hex            ######..     5%          3    None
 Swiftness                Chrm/Air       ########     1%          2    None
 Recall                   Summ/Tloc      N/A          5%          3    None
 Spider Form              Tmut/Pois      ######....   5%          3    None
 Statue Form              Tmut/Erth      #######..    54%         6    None
 Ice Form                 Ice/Tmut       ######..     16%         4    None
 Dragon Form              Tmut           ######....   100%        7    None
 Death Channel            Necr           #######...   12%         6    None
 Deflect Missiles         Chrm/Air       ########..   4%          6    None
 Throw Icicle             Conj/Ice       ########     1%          4    None
 Glaciate                 Conj/Ice       ########..   100%        9    ##.....
 Airstrike                Air            #########.   1%          4    None
 Confusing Touch          Hex            ######       2%          1    None
 Ensorcelled Hibernation  Hex/Ice        ######       3%          2    None
 Metabolic Englaciation   Hex/Ice        ######....   36%         5    None
 Summon Butterflies       Summ           ######..     2%          1    None
 Silence                  Hex/Air        ########..   1%          5    None
 Shatter                  Erth           #######...   100%        9    ##.....
 Static Discharge         Conj/Air       ########     1%          3    None
 Corona                   Hex            ######.      2%          1    None
 Alistair's Intoxication  Tmut/Pois      ######..     36%         5    None
 Simulacrum               Ice/Necr       #######...   43%         6    None
 Conjure Ball Lightning   Conj/Air       #########.   1%          6    None
 Excruciating Wounds      Chrm/Necr      #######...   10%         5    None
 Portal Projectile        Hex/Tloc       ######       5%          3    None
 Petrify                  Tmut/Erth      #######.     5%          4    None
 Tornado                  Air            #########.   34%         9    ##.....
 Leda's Liquefaction      Hex/Erth       #######...   5%          4    None
 Shroud of Golubria       Chrm/Tloc      ######....   3%          2    None
 Inner Flame              Hex/Fire       ########     1%          3    None
 Fulminant Prism          Conj/Hex       ########..   1%          4    None
 Dazzling Spray           Conj/Hex       ######       1%          3    None
 Force Lance              Conj/Tloc      ########     1%          4    None
 Infusion                 Chrm           ####         2%          1    None
 Song of Slaying          Chrm           ######..     3%          2    None
 Spectral Weapon          Hex/Chrm       ######..     5%          3    None
 Searing Ray              Conj           ######       1%          2    None
 Discord                  Hex            ######....   100%        8    None
 Summon Lightning Spire   Summ/Air       ########     1%          4    None
 Hydra Form               Tmut           ######....   89%         6    None
 Irradiate                Conj/Tmut      ########..   1%          5    None
 Gell's Gravitas          Tloc           ######....   5%          3    None
 Yara's Violent Unravell  Hex/Tmut       ######....   36%         5    None
 Lesser Beckoning         Tloc           ######....   5%          3    None
 Borgnjor's Vile Clutch   Necr/Erth      #######...   3%          5    None


Dungeon Overview and Level Annotations

Branches:
Dungeon (15/15)            Temple (1/1) D:7            Lair (6/6) D:9
 Shoals (4/4) Lair:2       Spider (4/4) Lair:4        Slime (5/5) Lair:5
    Orc (2/2) D:11            Elf (3/3) Orc:2        Vaults (4/5) D:14
  Crypt (0/3) Vaults:2     Depths (4/5) D:15

Altars:
Ashenzari
Dithmenos
Elyvilon
Fedhas
Gozag
Hepliaklqana
Kikubaaqudgha
Makhleb
Nemelex Xobeh
Okawaru
Qazlal
Ru
Trog
Vehumet
Wu Jian
Xom
Yredelemnul
Zin
The Shining One
Beogh
Lugonu

Shops:
D:8 [   D:9 %   D:12 *   D:13 ?   Orc:1 *   Orc:2 }![}   Elf:2 (==
Vaults:1 %[   Vaults:2 (   Depths:3 *   Depths:4 (

Portals:
Hell: Depths:1 Depths:2 Depths:3 Depths:4
Abyss: D:15 Depths:1 Depths:4
Pandemonium: Depths:3
Ziggurat: Depths:2

Annotations:
D:8 Fingolfin's ghost, novice NaWz
Depths:4 1 transporter


Innate Abilities, Weirdness & Mutations

You have a pair of horns on your head.
Scrolls take you a little longer to read.
You are covered in fur. (AC +1)
Your muscles are strong. (Str +2)
Your spells are a little harder to cast, but a little more powerful.


Message History

You are no longer corroded.
The azure jelly misses you. The azure jelly completely misses you.
You block the azure jelly's attack. The azure jelly completely misses you.
The azure jelly barely misses you. You block the azure jelly's attack.
The azure jelly barely misses you. You block the azure jelly's attack.
There is a stone staircase leading up here.
The azure jelly hits you but does no damage. x2
The azure jelly barely misses you. You block the azure jelly's attack.
The azure jelly hits you but does no damage.
You block the azure jelly's attack.
The azure jelly hits you but does no damage.
The azure jelly closely misses you. The azure jelly hits you.
The azure jelly freezes you!!!
* * * LOW HITPOINT WARNING * * *
The azure jelly hits you but does no damage.
The azure jelly hits you.
* * * LOW HITPOINT WARNING * * *
The azure jelly hits you but does no damage.
The azure jelly hits you.
You die...

* ,...................#
* , **
..................#*
,,,,,
...................* ,,
, *.........J.........#
*, ,
*....................,*
, *........JJ...........
,
#....................,,
*
*#.......JJJ..........,,
, .........@...........
,,,
,.......................
*
...###................,
, .##*
###..............,, ,
###............,,, *,
##............. *
#................
##................
#.................


You could see 2 acid blobs, 3 azure jellies and a death ooze.

Vanquished Creatures
  the Royal Jelly (Slime:5)
  2 juggernauts
  Mara (Vaults:2)
  Boris (Vaults:1)
  A shard shrike (shapeshifter) (Depths:2)
  Nikola (Depths:2)
  2 golden dragons
  2 tentacled monstrosities
  A deep elf master archer (Elf:3)
  Asterion (Vaults:2)
  A titan (Depths:3)
  Polyphemus (Shoals:2)
  2 deep elf blademasters (Elf:3)
  A lich (Depths:2)
  27 acid blobs
  A kraken (Shoals:3)
  3 sphinxes
  Kirke (Lair:4)
  2 storm dragons
  3 tengu reavers
  A shadow dragon (Depths:3)
  Ilsuiw (Shoals:4)
  7 azure jellies
  5 fire giants
  9 frost giants
  An orc warlord (Bailey)
  16 vault wardens
  9 deep elf sorcerers
  A ghost moth (shapeshifter) (Vaults:1)
  7 emperor scorpions
  5 ghost moths
  2 deep elf elementalists
  15 ironheart preservers
  8 very ugly things
  4 spriggan defenders
  8 stone giants
  3 entropy weavers
  2 vampire knights
  4 deep elf demonologists
  5 deep elf annihilators (Elf:3)
  A dire elephant (D:15)
  3 spark wasps
  12 merfolk javelineers
  6 death oozes
  5 ettins
  6 deep elf death magi
  7 merfolk impalers
  13 great orbs of eyes
  6 fire dragons
  8 yaktaur captains
  8 jiangshi
  5 deep elf high priests (Elf:3)
  A peacekeeper (Elf:1)
  Erolcha (D:13)
  9 rakshasas
  7 hydras
  A spriggan air mage (Depths:2)
  11 vault guards
  8 ice dragons
  14 centaur warriors
  6 merfolk aquamancers
  Harold (D:10)
  2 merfolk avatars
  2 death knights
  2 catoblepae
  37 two-headed ogres
  3 satyrs
  2 alligators (shapeshifter)
  27 dancing weapons
  13 ogre magi
  3 deep troll shamans
  4 death yaks
  3 vampire magi
  5 deep troll earth magi
  2 spriggan berserkers
  16 deep elf knights
  An iron troll (Depths:4)
  Sonja (D:10)
  2 shadow wraiths
  2 glowing orange brains
  A torturous demonspawn (Depths:3)
  6 sea snakes
  2 skeletal warriors (D:15)
  A golden dragon zombie (Depths:1)
  A glowing orange brain (shapeshifter) (Vaults:2)
  3 unseen horrors (Vaults:1)
  A wizard (Vaults:1)
  A shadow demon (Depths:3)
  23 deep trolls
  A gelid demonspawn (Depths:3)
  A swamp dragon (shapeshifter) (Vaults:3)
  11 deep elf archers
  3 necromancers
  7 orc knights
  16 ironbrand convokers
  43 deep elf magi
  Pikel (D:7)
  12 harpies
  16 orb spiders
  54 ugly things
  23 wolf spiders
  A wolf spider (shapeshifter) (Vaults:4)
  9 orc sorcerers
  9 manticores
  A salamander (D:15)
  11 shining eyes
  A fire giant zombie (Depths:1)
  11 fauns
  A moth of wrath (Spider:4)
  A cyclops (shapeshifter) (Depths:2)
  23 elephants
  A salamander (shapeshifter) (Vaults:3)
  A black mamba (shapeshifter) (Elf:2)
  2 black mambas
  2 guardian serpents
  10 vault sentinels
  An ice statue (IceCv)
  A smoke demon (Depths:3)
  2 torpor snails
  An eye of devastation (Slime:5)
  Psyche (D:12)
  5 merfolk sirens
  5 water nymphs
  7 gargoyles
  A rime drake (shapeshifter) (Vaults:3)
  A spriggan zombie (Depths:1)
  A komodo dragon (shapeshifter) (Vaults:1)
  A yaktaur zombie (Depths:1)
  7 komodo dragons
  10 spiny frogs
  43 yaktaurs
  13 demonic crawlers
  2 freezing wraiths
  A redback zombie (D:13)
  5 rime drakes
  2 ice devils (Depths:3)
  16 merfolk
  8 tengu conjurers
  A queen bee (D:12)
  A troll (shapeshifter) (Depths:2)
  7 wind drakes
  A meliai (shapeshifter) (Vaults:3)
  A troll (D:11)
  36 jumping spiders
  10 hornets
  A queen bee (shapeshifter) (Vaults:1)
  8 blink frogs
  12 saltlings
  A sphinx simulacrum (Vaults:1)
  19 polar bears
  A raiju (shapeshifter) (Elf:2)
  A hippogriff (shapeshifter) (Vaults:2)
  A fire giant simulacrum (Depths:1)
  6 snapping turtles
  133 slime creatures
  12 hippogriffs
  An air elemental (Elf:2)
  72 redbacks
  A fire dragon skeleton (Depths:1)
  A flying skull (Vaults:2)
  2 wyverns
  78 yaks
  A deep troll skeleton (Depths:1)
  24 tarantellas
  14 water elementals
  A yak (shapeshifter) (Depths:2)
  2 wraiths (D:12)
  13 golden eyes
  A fire elemental (Elf:2)
  A basilisk (Lair:5)
  Sigmund (D:3)
  4 hogs (Lair:4)
  3 hungry ghosts
  A human zombie (Depths:1)
  6 wargs
  8 vampire mosquitoes
  A soldier ant (shapeshifter) (Elf:3)
  Edmund (D:5)
  13 water moccasins
  An acid dragon (Vaults:1)
  A soldier ant (D:12)
  A floating eye (Depths:2)
  6 porcupines
  A swamp drake (shapeshifter) (Vaults:4)
  A phantom (D:6)
  A hornet zombie (D:10)
  5 ice beasts
  20 orc warriors
  6 sky beasts
  A tengu skeleton (Depths:1)
  3 black bears
  15 eyes of draining
  An eye of draining (shapeshifter) (Depths:1)
  58 ogres
  A slave (D:7)
  24 wolves
  4 necrophages
  8 boggarts
  21 centaurs
  10 crocodiles
  The ghost of PegasusDuck the Conjurer, an amateur TeWz (D:3)
  4 big kobolds
  13 bullfrogs
  5 gnoll sergeants (D:11)
  2 wyvern zombies
  A wyvern skeleton (D:11)
  2 earth elementals
  4 scorpions
  28 killer bees
  5 howler monkeys
  5 electric eels
  6 crimson imps
  3 centaur zombies
  5 quasits
  2 jellies
  40 orc wizards
  5 bullfrog zombies
  4 centaur skeletons
  A human simulacrum (Vaults:1)
  15 orc priests
  4 bullfrog skeletons
  6 hounds
  2 iron imps (Depths:3)
  Ijyb (D:3)
  8 worker ants
  4 iguanas
  A killer bee zombie (D:7)
  A hound zombie (D:9)
  5 hound skeletons
  A howler monkey zombie (D:11)
  A worker ant zombie (D:9)
  Robin (D:4)
  13 gnolls
  18 adders
  13 white imps
  9 oozes
  An adder zombie (D:5)
  An adder skeleton (D:4)
  3 worms
  3 dart slugs
  6 leopard geckos
  87 orcs
  7 giant cockroaches
  20 goblins
  22 hobgoblins
  8 jackals
  42 kobolds
  5 quokkas
  4 ball pythons
  3 bats
  7 frilled lizards
  2 jackal skeletons
  2 quokka skeletons
  6 rats
  A pillar of salt (Elf:1)
  16 plants
  3 tentacles (Shoals:3)
2058 creatures vanquished.

Vanquished Creatures (collateral kills)
  A lich (Depths:3)
  A titan (Depths:3)
  A sphinx (Depths:3)
  An azure jelly (Slime:5)
  An iron dragon (Depths:3)
  A stone giant (Orc:2)
  The ghost of Venturno the Eclecticist, a journeyman DEWz of Sif Muna (Shoals:2)
  An entropy weaver (Spider:1)
  A very ugly thing (Vaults:3)
  2 merfolk impalers
  2 merfolk javelineers
  A yaktaur captain (Vaults:1)
  A fire dragon (Depths:3)
  A vault guard (Vaults:4)
  2 ogre magi
  A hydra (Lair:6)
  A two-headed ogre (Vaults:1)
  A deep troll shaman (Depths:4)
  A sea snake (Shoals:4)
  A wizard (Vaults:2)
  2 orb spiders
  An orc knight (Vaults:1)
  A deep elf mage (Elf:1)
  8 wolf spiders
  3 fauns (Shoals:3)
  An orc sorcerer (Orc:2)
  A vault sentinel (Vaults:1)
  A torpor snail (Spider:1)
  4 yaktaurs (Vaults:1)
  A freezing wraith (Vaults:1)
  9 jumping spiders
  2 polar bears (Lair:6)
  2 merfolk
  4 slime creatures
  A hippogriff (Lair:6)
  2 snapping turtles
  A wyvern (Lair:6)
  14 redbacks
  12 tarantellas
  A water elemental (Shoals:1)
  2 ogres (Vaults:1)
  A centaur (Vaults:1)
  2 orc wizards (Orc:2)
  An orc priest (Orc:2)
  2 orcs
  2 plants
  A tentacle (Shoals:3)
105 creatures vanquished.

Vanquished Creatures (others)
  A merfolk aquamancer (Shoals:4)
  A water elemental (Elf:2)
  A slave (D:8)
  A centaur (Depths:1)
  A ball lightning (Elf:3)
  11 fungi
  2 pillars of salt (Elf:1)
  34 plants
  7 tentacles (Shoals:3)
59 creatures vanquished.

Grand Total: 2222 creatures vanquished

Notes
Turn   | Place    | Note
-------+----------+-------------------------------------------
     0 | D:1      | mortelune the Deep Elf Fire Elementalist began the quest for the Orb.
     0 | D:1      | Reached XP level 1. HP: 10/10 MP: 6/6
   421 | D:1      | Reached XP level 2. HP: 15/15 MP: 5/8
   927 | D:1      | Learned a level 2 spell: Throw Flame
  1247 | D:1      | Reached XP level 3. HP: 19/19 MP: 5/9
  1253 | D:1      | Learned a level 3 spell: Conjure Flame
  1958 | D:2      | Found a glowing golden altar of the Shining One.
  2766 | D:3      | Reached XP level 4. HP: 24/24 MP: 2/11
  2857 | D:2      | Learned a level 4 spell: Sticky Flame
  2904 | D:3      | Reached skill level 4 in Spellcasting
  2945 | D:3      | Noticed Ijyb
  2954 | D:3      | Killed Ijyb
  2954 | D:3      | Reached XP level 5. HP: 27/28 MP: 3/13
  3189 | D:3      | Noticed PegasusDuck's ghost (amateur TeWz)
  3206 | D:3      | Killed PegasusDuck's ghost
  3346 | D:3      | Noticed Sigmund
  3468 | D:4      | Reached skill level 5 in Fire Magic
  3468 | D:4      | Reached XP level 6. HP: 29/32 MP: 6/14
  3512 | D:4      | Noticed a sky beast
  3788 | D:3      | Found a burning altar of Makhleb.
  3799 | D:3      | Killed Sigmund
  3817 | D:3      | Reached XP level 7. HP: 31/36 MP: 0/16
  3934 | D:3      | Found a sacrificial altar of Ru.
  3934 | D:3      | Found a basalt altar of Yredelemnul.
  3970 | D:3      | Reached skill level 5 in Spellcasting
  4468 | D:4      | Learned a level 5 spell: Fireball
  4519 | D:4      | Reached skill level 5 in Conjurations
  5109 | D:4      | Noticed Robin
  5157 | D:4      | Killed Robin
  5740 | D:5      | Entered Level 5 of the Dungeon
  6147 | D:5      | Found a radiant altar of Vehumet.
  6149 | D:5      | Reached skill level 5 in Dodging
  6149 | D:5      | Reached XP level 8. HP: 31/41 MP: 9/18
  6377 | D:5      | Noticed Edmund
  6387 | D:5      | Killed Edmund
  6387 | D:5      | Reached skill level 6 in Spellcasting
  6500 | D:4      | Learned a level 1 spell: Shock
  8317 | D:7      | Reached skill level 7 in Spellcasting
  8317 | D:7      | Reached XP level 9. HP: 45/45 MP: 8/21
  8806 | D:7      | Found a staircase to the Ecumenical Temple.
  8946 | Temple   | Entered the Ecumenical Temple
  9056 | Temple   | Became a worshipper of Ashenzari the Shackled
  9358 | D:8      | Noticed a two-headed ogre
  9361 | D:8      | Killed a two-headed ogre
  9573 | D:8      | Reached skill level 8 in Spellcasting
  9785 | D:8      | Noticed a two-headed ogre
  9830 | D:8      | Noticed Fingolfin's ghost (novice NaWz)
 10404 | D:8      | Noticed Pikel
 10669 | D:8      | Reached XP level 10. HP: 50/50 MP: 14/24
 10761 | D:8      | Killed a two-headed ogre
 10761 | D:8      | Reached skill level 10 in Fire Magic
 11284 | D:7      | Killed Pikel
 11645 | D:8      | Found Wipn's Armour Boutique.
 11649 | D:8      | Bought the +3 buckler of Indomitability {Int+7} for 412 gold pieces
 12019 | D:9      | Reached skill level 9 in Spellcasting
 12138 | D:9      | Noticed a gargoyle
 12139 | D:9      | Killed a gargoyle
 12139 | D:9      | Reached skill level 1 in Shields
 12139 | D:9      | Reached skill level 10 in Conjurations
 12143 | D:9      | Reached skill level 1 in Fighting
 12393 | D:9      | Reached * piety under Ashenzari
 12719 | D:9      | Found Ymuily's Food Emporium.
 12937 | D:9      | Found a staircase to the Lair.
 13355 | D:9      | Reached XP level 11. HP: 57/57 MP: 14/26
 13801 | D:10     | Entered Level 10 of the Dungeon
 14105 | D:10     | Reached skill level 10 in Spellcasting
 14876 | D:10     | Noticed Sonja
 14878 | D:10     | Killed Sonja
 15174 | D:10     | Noticed Harold
 15177 | D:10     | Killed Harold
 15427 | D:11     | Noticed a purple ugly thing
 15432 | D:11     | Killed a purple ugly thing
 15638 | D:11     | Reached ** piety under Ashenzari
 15696 | D:11     | Reached skill level 11 in Spellcasting
 15912 | D:11     | Noticed a cyan ugly thing
 15917 | D:11     | Killed a cyan ugly thing
 15937 | D:11     | Noticed a two-headed ogre
 16507 | D:11     | Identified the +2 leather armour of Puorith {rN+ Stlth+}
 16525 | D:11     | Reached XP level 12. HP: 67/67 MP: 18/29
 16967 | D:11     | Found a staircase to the Orcish Mines.
 18203 | Lair:1   | Entered Level 1 of the Lair of Beasts
 18238 | Lair:1   | Reached skill level 5 in Fighting
 18604 | Lair:1   | Reached skill level 12 in Spellcasting
 18792 | Lair:1   | Found the +3 robe of Folly {Archmagi, MR-- Int+5}
 20125 | Lair:2   | Reached *** piety under Ashenzari
 20588 | Lair:2   | Noticed a seven-headed hydra
 20591 | Lair:2   | Killed a seven-headed hydra
 20819 | Lair:2   | Reached XP level 13. HP: 65/74 MP: 7/31
 20820 | Lair:2   | Reached skill level 13 in Spellcasting
 21083 | Lair:2   | Found a staircase to the Shoals.
 21377 | Lair:3   | Found a frozen archway.
 23201 | Lair:4   | Got the uncursed scale mail of Recsou Fora {+Blink Str+3 Stlth+}
 23231 | Lair:4   | Identified the +6 scale mail of Recsou Fora {+Blink Str+3 Stlth+} (You found it on level 4 of the Lair of Beasts)
 23287 | Lair:4   | Noticed Kirke
 23312 | Lair:4   | Killed Kirke
 23312 | Lair:4   | Reached skill level 1 in Armour
 23753 | Lair:4   | Reached **** piety under Ashenzari
 24114 | Lair:4   | Found a hole to the Spider Nest.
 24369 | Lair:5   | Identified the +2 scale mail of Resonance {Dex+4}
 24595 | Lair:5   | Reached skill level 14 in Spellcasting
 24647 | Lair:5   | Learned a level 4 spell: Animate Dead
 24800 | Lair:5   | Reached skill level 1 in Necromancy
 25348 | Lair:5   | Found a staircase to the Slime Pits.
 25597 | Lair:6   | Entered Level 6 of the Lair of Beasts
 26062 | Lair:5   | Reached XP level 14. HP: 40/82 MP: 21/34
 27747 | D:12     | Found Pyziegha's Assorted Antiques.
 27873 | D:12     | Bought a moonstone ring for 150 gold pieces
 27873 | D:12     | Bought a scroll labeled BAULUO TITYRA for 30 gold pieces
 27873 | D:12     | Bought a fuming pink potion for 27 gold pieces
 27873 | D:12     | Bought a scroll labeled YTONECRAGHA for 30 gold pieces
 27984 | D:12     | Identified a scroll of acquirement
 27984 | D:12     | Identified the cursed amulet of Vaejeuta {rN+++ MR- Regen+ MP+9 Int-3} (You acquired it on level 12 of the Dungeon)
 28421 | D:12     | Reached ***** piety under Ashenzari
 28428 | D:12     | Noticed Psyche
 28430 | D:12     | Killed Psyche
 28794 | D:13     | Noticed Erolcha
 28797 | D:13     | Killed Erolcha
 29116 | D:13     | Reached skill level 1 in Evocations
 29940 | D:13     | Found Xuphi's Magic Scroll Boutique.
 29960 | D:13     | Bought a scroll of identify for 36 gold pieces
 31001 | Lair:6   | Identified the cursed ring of the Commoners {MR+ AC+6 Int+3 Slay+5} (You acquired it on level 6 of the Lair of Beasts)
 31307 | Lair:6   | Identified the +7 chain mail of the Dozen Yaks {rC+ Int+5}
 32194 | Orc:1    | Entered Level 1 of the Orcish Mines
 32380 | Orc:1    | Found a flagged portal.
 32389 | Bailey   | Entered a bailey
 32456 | Bailey   | Noticed an orc warlord
 32558 | Bailey   | Reached skill level 15 in Spellcasting
 32749 | Bailey   | Found a runed gate.
 32749 | Bailey   | Found a runed gate.
 32767 | Bailey   | Found a runed gate.
 32889 | Bailey   | Killed an orc warlord
 32987 | Bailey   | Reached skill level 5 in Evocations
 32987 | Bailey   | Reached XP level 15. HP: 90/90 MP: 36/36
 32988 | Bailey   | Reached skill level 5 in Armour
 32988 | Bailey   | Reached XP level 16. HP: 96/96 MP: 37/37
 33025 | Bailey   | Learned a level 5 spell: Lightning Bolt
 33398 | Orc:1    | Found Neockol's Assorted Antiques.
 33404 | Orc:1    | Bought a potion of heal wounds for 95 gold pieces
 33404 | Orc:1    | Bought a scroll of teleportation for 57 gold pieces
 33404 | Orc:1    | Bought a scroll of teleportation for 57 gold pieces
 33541 | Orc:2    | Entered Level 2 of the Orcish Mines
 33622 | Orc:2    | Found a frozen archway.
 33692 | IceCv    | Entered an ice cave
 33989 | IceCv    | Reached skill level 1 in Long Blades
 33997 | IceCv    | Reached skill level 1 in Air Magic
 35459 | IceCv    | Found the +3 robe of Clouds {+Fly rElec}
 35547 | IceCv    | Identified the ring of Yredelemnul's Whim {rElec rC+++ MP+9 Str+3 Slay-4}
 35643 | IceCv    | Identified Sif Muna's Papyrus of Ice
 35727 | Orc:2    | Found a bloodstained altar of Trog.
 35811 | Orc:2    | Reached XP level 17. HP: 101/101 MP: 22/38
 36094 | Orc:2    | Found a staircase to the Elven Halls.
 36815 | Orc:2    | Found a radiant altar of Vehumet.
 36815 | Orc:2    | Paralysed by an ogre mage for 4 turns
 36951 | Orc:2    | Found Kixelewk's Distillery.
 37063 | Orc:2    | Found a roughly hewn altar of Beogh.
 37063 | Orc:2    | Found Raicurex's Gadget Shop.
 37166 | Orc:2    | Found Feuwawn's Antique Armour Boutique.
 37228 | Orc:2    | Found an ancient bone altar of Kikubaaqudgha.
 37239 | Orc:2    | Found Ducid's Gadget Boutique.
 37666 | Orc:2    | Bought a heavily runed hat for 234 gold pieces
 37666 | Orc:2    | Identified the -5 hat "Bojeullo" {rN+} (You bought it in a shop on level 2 of the Orcish Mines)
 37702 | Orc:2    | Bought a potion of curing for 51 gold pieces
 37702 | Orc:2    | Bought a potion of curing for 51 gold pieces
 37702 | Orc:2    | Bought a potion of heal wounds for 85 gold pieces
 37702 | Orc:2    | Bought a potion of cancellation for 136 gold pieces
 37702 | Orc:2    | Bought a potion of curing for 51 gold pieces
 37702 | Orc:2    | Bought a potion of curing for 51 gold pieces
 38040 | D:13     | Bought a scroll of fog for 36 gold pieces
 38040 | D:13     | Bought a scroll of teleportation for 54 gold pieces
 38098 | D:13     | Reached skill level 10 in Fighting
 38786 | D:14     | Found a gate to the Vaults.
 39825 | D:14     | Found an ancient bone altar of Kikubaaqudgha.
 39833 | D:14     | Found a blossoming altar of Fedhas.
 39962 | D:15     | Entered Level 15 of the Dungeon
 39973 | D:15     | Reached skill level 10 in Dodging
 40359 | D:15     | Found a staircase to the Depths.
 40623 | D:15     | Reached ****** piety under Ashenzari
 41918 | Spider:1 | Entered Level 1 of the Spider Nest
 41926 | Spider:1 | Reached skill level 5 in Air Magic
 43089 | Spider:1 | Reached skill level 5 in Long Blades
 45241 | Spider:2 | Found the +4 robe of Augmentation {Str+4 Int+4 Dex+4}
 45988 | Spider:3 | Reached XP level 18. HP: 65/108 MP: 30/39
 48125 | Spider:4 | Entered Level 4 of the Spider Nest
 51673 | Spider:4 | Got a gossamer rune of Zot
 52019 | Shoals:1 | Entered Level 1 of the Shoals
 52531 | Shoals:1 | Learned a level 6 spell: Freezing Cloud
 52693 | Shoals:2 | Noticed Venturno's ghost (journeyman DEWz)
 52696 | Shoals:2 | Noticed Polyphemus
 52761 | Shoals:2 | Killed Polyphemus
 53284 | Shoals:2 | Killed Venturno's ghost
 53514 | Shoals:2 | Reached skill level 10 in Air Magic
 54703 | Shoals:3 | Reached XP level 19. HP: 75/115 MP: 16/40
 55376 | Shoals:3 | Reached skill level 16 in Spellcasting
 55681 | Shoals:3 | Identified the cursed -6 helmet "Iribastroff" {Int+5}
 56310 | Shoals:4 | Entered Level 4 of the Shoals
 56363 | Shoals:4 | Reached skill level 15 in Fire Magic
 57340 | Shoals:4 | Got a barnacled rune of Zot
 57386 | Shoals:4 | Noticed Ilsuiw
 57974 | Shoals:4 | Killed Ilsuiw
 58491 | Shoals:4 | Learned a level 8 spell: Ignition
 59323 | Depths:1 | Entered Level 1 of the Depths
 59323 | Depths:1 | Found a one-way gate to the infinite horrors of the Abyss.
 61928 | Depths:1 | Found a gateway to Hell.
 62917 | Depths:1 | Found a glowing golden altar of the Shining One.
 63441 | Depths:2 | Reached skill level 17 in Spellcasting
 63453 | Depths:2 | Noticed a juggernaut
 63618 | Depths:1 | Learned a level 8 spell: Chain Lightning
 63661 | Depths:2 | Reached XP level 20. HP: 119/123 MP: 29/43
 63791 | Depths:2 | Found a gateway to a ziggurat.
 64639 | Depths:2 | Killed a juggernaut
 65317 | Depths:2 | Noticed a golden dragon
 66115 | Depths:2 | Killed a golden dragon
 66516 | Depths:2 | Noticed a golden dragon
 66516 | Depths:2 | a sphinx changed into a golden dragon
 66518 | Depths:2 | Noticed a golden dragon
 66519 | Depths:2 | a golden dragon changed into an acid blob
 66525 | Depths:2 | Noticed a caustic shrike
 66525 | Depths:2 | a shadow dragon changed into a caustic shrike
 66527 | Depths:2 | a caustic shrike changed into an acid blob
 66528 | Depths:2 | Noticed a juggernaut
 66528 | Depths:2 | an acid blob changed into a juggernaut
 66529 | Depths:2 | a juggernaut changed into a titan
 66531 | Depths:2 | Noticed a caustic shrike
 66531 | Depths:2 | a titan changed into a caustic shrike
 66535 | Depths:2 | a caustic shrike changed into a shadow dragon
 66555 | Depths:2 | Noticed a caustic shrike
 66555 | Depths:2 | an iron giant changed into a caustic shrike
 66556 | Depths:2 | a caustic shrike changed into an acid blob
 66858 | Depths:2 | Noticed a shard shrike
 66858 | Depths:2 | Noticed a juggernaut
 66858 | Depths:2 | a shard shrike changed into a juggernaut
 66860 | Depths:2 | Noticed a shard shrike
 66860 | Depths:2 | a juggernaut changed into a shard shrike
 66861 | Depths:2 | Killed a shard shrike
 66964 | Depths:2 | Identified the Compendium of Mutagenic Necromancy
 67479 | Depths:3 | Noticed Nikola
 67906 | Depths:2 | Killed Nikola
 68030 | Depths:3 | Found Net Buck's General Store.
 68680 | Depths:3 | Bought a scroll of summoning for 161 gold pieces
 68680 | Depths:3 | Bought a scroll of teleportation for 51 gold pieces
 68695 | Depths:3 | Reached skill level 15 in Dodging
 68695 | Depths:3 | Reached skill level 18 in Spellcasting
 68816 | Depths:3 | Identified the +0 pair of gloves of Spring Thaw {*Corrode rElec rPois MR-}
 69197 | Depths:3 | Noticed a juggernaut
 69664 | Depths:3 | Killed a juggernaut
 69664 | Depths:3 | Reached XP level 21. HP: 126/129 MP: 12/45
 69848 | Depths:3 | Found a one-way gate leading to the halls of Pandemonium.
 71359 | Depths:3 | Noticed a golden dragon
 71364 | Depths:3 | Killed a golden dragon
 71667 | Depths:3 | Paralysed by a sphinx for 5 turns
 71840 | Depths:3 | Found the +6 shillelagh "Devastator" {shatter}
 71840 | Depths:3 | Identified the cursed +1 ring mail of Makhleb's Generosity {SInv}
 71861 | Depths:3 | Reached skill level 15 in Air Magic
 72219 | Vaults:1 | Entered Level 1 of the Vaults
 73538 | Vaults:1 | Found Qeitymis's Antique Armour Shop.
 73876 | Vaults:1 | Bought a pair of runed gloves for 300 gold pieces
 73876 | Vaults:1 | Bought a faintly humming robe for 228 gold pieces
 73876 | Vaults:1 | Identified the +1 robe "Jaix" {+Inv rElec Int+3} (You bought it in a shop on level 1 of the Vaults)
 75221 | Vaults:1 | Found Batowet's Food Shop.
 75576 | Vaults:1 | Reached skill level 19 in Spellcasting
 75729 | Vaults:2 | Noticed Boris
 76502 | Vaults:1 | Found Qeitymis's Antique Armour Shop.
 77039 | Vaults:1 | Killed Boris
 77342 | Vaults:2 | Noticed Asterion
 77345 | Vaults:2 | Killed Asterion
 78013 | Vaults:2 | Reached XP level 22. HP: 86/136 MP: 18/47
 79087 | Vaults:2 | Found a staircase to the Crypt.
 79510 | Vaults:2 | Noticed Mara
 80189 | Vaults:2 | Found Nocven's Weapon Shop.
 80861 | Vaults:2 | Identified the cursed +0 robe of the Little Devil {+Blink rElec rN+ Dex+3}
 80899 | Vaults:2 | Killed Mara
 84563 | Vaults:3 | Reached skill level 20 in Spellcasting
 86886 | Vaults:4 | Reached XP level 23. HP: 143/143 MP: 37/49
 88660 | Depths:4 | Found Mepp's Antique Weapon Emporium.
 89942 | Depths:4 | Found a transporter.
 90157 | Depths:4 | Found a corrupted altar of Lugonu.
 90280 | Depths:4 | Learned a level 6 spell: Iron Shot
 90491 | Elf:1    | Entered Level 1 of the Elven Halls
 90540 | Elf:1    | Found a ruined gateway.
 90584 | Desolati | Entered the Desolation of Salt
 90591 | Desolati | Reached skill level 1 in Earth Magic
 91085 | Elf:1    | Reached skill level 15 in Fighting
 91454 | Elf:1    | Identified Duchytamm's Grimoire of Attacks and Summoning
 92704 | Elf:2    | Reached skill level 21 in Spellcasting
 92864 | Elf:2    | Reached skill level 15 in Conjurations
 92923 | Elf:2    | Found a large runed door.
 92923 | Elf:2    | Found a large runed door.
 92945 | Elf:2    | Found a large runed door.
 92945 | Elf:2    | Found a large runed door.
 92991 | Elf:2    | Found Jeingi's Jewellery Shop.
 93036 | Elf:2    | Found Diricva Qehi's Antique Weapon Emporium.
 93051 | Elf:2    | Found Yreabusk's Jewellery Shoppe.
 93070 | Elf:2    | Bought the ring "Aruti" {rCorr Int+3} for 432 gold pieces
 93217 | Elf:2    | Found a radiant altar of Vehumet.
 94148 | Elf:3    | Entered Level 3 of the Elven Halls
 94148 | Elf:3    | Identified the +5 ring mail of the Foremost Tales {Regen+ Dex+2}
 94232 | Elf:3    | Identified the +2 robe "Sosit" {rC++ Int-5}
 95627 | Elf:3    | Identified the +3 leather armour of Context {MR+} (You took it off a deep elf blademaster on level 3 of the Elven Halls)
 95656 | Elf:3    | Reached skill level 10 in Armour
 95845 | Elf:3    | Identified the +0 robe "Baesas" {*Drain *Slow +Fly rF+++} (You took it off a deep elf sorcerer on level 3 of the Elven Halls)
 96309 | Elf:3    | Reached XP level 24. HP: 151/151 MP: 36/50
 96614 | Elf:3    | Found the +7 sceptre of Torment
 96617 | Elf:3    | Identified the amulet of Ugies {Inacc Str+7 Int-2}
 96674 | Elf:3    | Identified the Compendium of Good Luck and Dark Rites
 97402 | Slime:1  | Entered Level 1 of the Pits of Slime
 97648 | Slime:1  | Gained mutation: You occasionally shout uncontrollably at your foes. [a shining eye]
 97649 | Slime:1  | Gained mutation: You tend to lose your temper in combat. [a shining eye]
 98006 | Lair:5   | Lost mutation: You tend to lose your temper in combat. [potion of mutation]
 98006 | Lair:5   | Lost mutation: You occasionally shout uncontrollably at your foes. [potion of mutation]
 98006 | Lair:5   | Gained mutation: You possess an exceptional clarity of mind. [potion of mutation]
 98006 | Lair:5   | Gained mutation: You have sharp toenails. [potion of mutation]
 98040 | Slime:2  | Gained mutation: Your body sometimes deteriorates upon taking damage. [a shining eye]
 99653 | Slime:3  | Gained mutation: Scrolls take you a little longer to read. [a shining eye]
 99891 | Slime:3  | Gained mutation: Your magical capacity is low. (-10% MP) [a shining eye]
101055 | Slime:4  | Lost mutation: You have sharp toenails. [potion of mutation]
101055 | Slime:4  | Lost mutation: You possess an exceptional clarity of mind. [potion of mutation]
101055 | Slime:4  | Gained mutation: Your movements are slightly less encumbered by armour. (ER -2) [potion of mutation]
101055 | Slime:4  | Gained mutation: You are covered in fur. (AC +1) [potion of mutation]
101055 | Slime:4  | Gained mutation: Your muscles are strong. (Str +2) [potion of mutation]
101055 | Slime:4  | Gained mutation: Your muscles are very strong. (Str +4) [potion of mutation]
101056 | Slime:4  | Lost mutation: Your magical capacity is low. (-10% MP) [potion of mutation]
101056 | Slime:4  | Lost mutation: Your muscles are very strong. (Str +4) [potion of mutation]
101056 | Slime:4  | Lost mutation: Your body sometimes deteriorates upon taking damage. [potion of mutation]
101056 | Slime:4  | Lost mutation: Your movements are slightly less encumbered by armour. (ER -2) [potion of mutation]
101056 | Slime:4  | Gained mutation: Your spells are a little harder to cast, but a little more powerful. [potion of mutation]
101056 | Slime:4  | Gained mutation: Your spells are harder to cast, but more powerful. [potion of mutation]
101056 | Slime:4  | Gained mutation: You have a pair of small horns on your head. [potion of mutation]
101056 | Slime:4  | Gained mutation: You have a pair of horns on your head. [potion of mutation]
101527 | Slime:5  | Entered Level 5 of the Pits of Slime
101535 | Slime:5  | Reached skill level 22 in Spellcasting
101814 | Slime:5  | Noticed the Royal Jelly
102126 | Slime:5  | Lost mutation: Your spells are harder to cast, but more powerful. [a shining eye]
102604 | Slime:5  | Killed the Royal Jelly
102638 | Slime:5  | HP: 5/152 [azure jelly[the Royal Jelly] (3)]
102638 | Slime:5  | Slain by an azure jelly

Vault maps used:
D:1:      lordsloth_arrival_two_stooges, minmay_misc_feat_ornament
D:2:      lemuel_tele_altar
D:3:      minitemple, serial_forest, infiniplex_forest_lined_1,
          infiniplex_forest_straight_2, infiniplex_forest_straight_1,
          infiniplex_forest_clump_tiny, infiniplex_forest_end_2, uniq_ijyb,
          uniq_sigmund
D:4:      first_ration, uniq_robin
D:5:      cheibrodos_thug_alley, vehumet_crystals, minivault_1,
          trog_butcher_becter, uniq_edmund
D:6:      kennysheep_generic_room_2
D:7:      temple_doors_e
D:8:      corexii_shantytown, serial_shops, shop_coins, serial_curves,
          eino_curves_03, eino_curves_01, eino_curves_01, uniq_pikel
D:9:      wad_arrow_thing, erik_lair_orcish_takeover, serial_shops,
          nicolae_shop_trees
D:10:     st_stairs_6, uniq_harold, uniq_sonja
D:11:     kennysheep_orc_monster_closet_entryway
D:12:     serial_shops, shop, david_nohive_1, kennysheep_minor_cross,
          uniq_psyche
D:13:     serial_shops, nicolae_shop_trees, spider_trap, uniq_erolcha
D:14:     erik_vaults_1, basic_altar, grunt_decor_mini_mirrors,
          kennysheep_cross_room, fedhas_altar_fruit_tree
D:15:     hangedman_depths_entry_try_elsewhere_first, nrook_uturn,
          amethyst_killhole
Temple:   dpeg_five_rooms_temple
Lair:1:   hangedman_lair_unloving_vines, serial_bayou_shore_b
Lair:2:   minmay_shoals_entry_beasts, grunt_megastairs_1
Lair:3:   portal_ice_cave_entry_imps, grunt_megastairs_5,
          infiniplex_staircase_pool_2
Lair:4:   spider_nest_entry_funnel_web, uniq_kirke
Lair:5:   slime_dummy
Lair:6:   gammafunk_lair_ancient_temple, serial_forest,
          infiniplex_forest_lined_3, infiniplex_forest_corner_1,
          infiniplex_forest_3_way, infiniplex_forest_clump_small,
          infiniplex_forest_end_double, infiniplex_forest_clump_curved,
          infiniplex_forest_straight_1, infiniplex_forest_straight_4,
          infiniplex_forest_lined_room_2
Shoals:2: uniq_polyphemus
Shoals:3: nicolae_shoals_mertower
Shoals:4: shoals_end_simple, shoals_ilsuiw_alternative
Spider:2: nicolae_orb_island
Spider:3: hangedman_spider_mandibles, guppyfry_spider_mini_3
Spider:4: spider_rune_water
Slime:3:  nicolae_slime_barrier
Slime:4:  nicolae_slime_welcoming_committee
Orc:1:    enter_bailey_2, serial_shops, shop
Orc:2:    kennysheep_orc_mage_school, basic_altar,
          portal_ice_cave_entry_animals_and_master
Elf:1:    elf_arrival_001, portal_desolation_entry_garden, minmay_elf_sorcery,
          grunt_megastairs_3
Elf:2:    serial_shops, shop, nicolae_shop_stone, nicolae_shop_window_shopping,
          basic_altar, lemuel_flame_loot_1
Elf:3:    minmay_elf_hall_not_hex, serial_sigils, serial_sigils_hangedman_leer,
          serial_sigils_hangedman_snap, serial_sigils_hangedman_gut,
          serial_sigils_hangedman_stare, serial_sigils_hangedman_gnaw,
          serial_sigils_hangedman_snap, fake_guardian_serpent_vault
Vaults:1: v_misc_5, ontoclasm_vaults_ring_small, nicolae_vaults_ninety_degrees,
          vaults_mumra_hexcomb, grunt_vaults_funnel, v_pattern_2,
          vaults_room_pool, ontoclasm_vaults_ring_small,
          nicolae_vaults_little_squares_6, nicolae_vaults_border_crossing,
          serial_shops, shop, shop
Vaults:2: v_misc_24, grunt_vaults_hallway_short, vaults_dpeg_cross,
          minmay_crypt_entry_simple_sparse, hangedman_vaults_slice,
          hangedman_vaults_slice, vaults_mumra_chevron,
          ontoclasm_vaults_shuriken, v_misc_27, nicolae_vaults_little_squares_4,
          vaults_dpeg_encased_lava, serial_shops, nicolae_shop_stone,
          uniq_boris, uniq_asterion, uniq_mara
Vaults:3: v_misc_8, v_pattern_1, dpeg_vaults_monster_row, v_misc_26,
          vaults_room_stairs_pillars, v_misc_12, grunt_vaults_bifocal,
          nicolae_vaults_rhombus_5, nicolae_vaults_little_squares_2
Vaults:4: ontoclasm_vaults_loading_screen, hangedman_vaults_cutoff,
          grunt_vaults_diagonal, nicolae_vaults_angled_halls,
          vaults_room_door_ring, ontoclasm_vaults_misaligned,
          nicolae_vaults_little_ls, v_rooms_2, vaults_room_guarded_vault,
          nicolae_vaults_windows_and_doors_thing, hangedman_vaults_nails,
          vaults_room_door_hall
Depths:1: hangedman_geh_valley, abyss_entry, corexii_hall_statues_s,
          chequers_big_river, tso_altar
Depths:2: evilmike_inaccessible_box, enter_ziggurat_e, hell_entry,
          hangedman_decor_growths
Depths:3: minmay_nine_rooms, mu_enter_wizlab_3, grunt_pan_entry_in_and_out,
          hell_entry, serial_shops, shop, uniq_nikola
Depths:4: gammafunk_corrupted_shrine, pf_hell_entry_tar_spiral, abyss_entry,
          serial_sigils_hangedman_quiver, serial_shops,
          nicolae_shop_behind_doors, serial_bayou_shore_b,
          infiniplex_staircase_river
Bailey:   bailey_axe_bossmonster_kennysheep, bailey
IceCv:    ice_cave_caverns_01

Skill      XL: |  1  2  3  4  5  6  7  8  9 10 11 12 13 14 15 16 17 18 19 20 21 22 23 24 |
---------------+-------------------------------------------------------------------------+-----
Conjurations   | 2 3 4 5 7 9 10 11 12 13 14 15 16 | 16.4
Fire Magic     | 4 5 6 8 9 10 11 12 13 14 15 16 17 | 17.2
Dodging        | 3 4 5 6 7 8 9 11 12 13 15 16 | 16.8
Spellcasting   | 4 5 7 8 9 11 12 14 15 17 18 19 20 21 22 | 22.2
Shields        | 2 3 |  3.7
Fighting       | 2 4 6 7 9 10 11 12 13 14 15 16 | 16.0
Armour         | 2 4 5 7 8 10 11 | 11.1
Necromancy     | 3 4 |  4.7
Evocations     | 5 6 |  6.7
Long Blades    | 2 5 7 |  7.0
Air Magic      | 2 7 10 12 14 16 17 18 | 18.4
Earth Magic    | 3 |  3.3
Stealth        | |  2.4

Action                   |  1- 3 |  4- 6 |  7- 9 | 10-12 | 13-15 | 16-18 | 19-21 | 22-24 || total
-------------------------+-------+-------+-------+-------+-------+-------+-------+-------++-------
Melee: Dagger            |       |    10 |       |       |       |       |       |       ||    10
       Falchion          |       |       |    32 |    11 |     2 |       |       |       ||    45
       Long sword        |       |       |       |       |     2 |   256 |    98 |    75 ||   431
       Staff             |       |       |       |       |       |     1 |    34 |    25 ||    60
       Scimitar          |       |       |       |       |       |       |       |    21 ||    21
       Headbutt          |       |       |       |       |       |       |       |     4 ||     4
 Cast: Flame Tongue      |    56 |    38 |   137 |   372 |   462 |   284 |    53 |    34 ||  1436
       Throw Flame       |    29 |    29 |   129 |   113 |   130 |    42 |     2 |     7 ||   481
       Sticky Flame      |       |     2 |    14 |    69 |   115 |   176 |    63 |    35 ||   474
       Conjure Flame     |       |     1 |     7 |    22 |    14 |     5 |    14 |     1 ||    64
       Fireball          |       |       |    19 |    74 |    75 |   260 |   403 |   247 ||  1078
       Shock             |       |       |       |    27 |     6 |       |       |       ||    33
       Animate Dead      |       |       |       |       |    12 |    62 |    46 |    10 ||   130
       Lightning Bolt    |       |       |       |       |       |   131 |   252 |    99 ||   482
       Freezing Cloud    |       |       |       |       |       |     3 |    30 |    17 ||    50
       Ignition          |       |       |       |       |       |       |     3 |     2 ||     5
       Chain Lightning   |       |       |       |       |       |       |    25 |   224 ||   249
       Iron Shot         |       |       |       |       |       |       |       |   110 ||   110
Invok: Curse Item        |       |       |     5 |     1 |     1 |     2 |     2 |       ||    11
 Abil: Evoke Blink       |       |       |       |       |     4 |    30 |    19 |     5 ||    58
Evoke: Wand              |       |       |       |       |       |     3 |     2 |     1 ||     6
  Use: Scroll            |     1 |     2 |     9 |    13 |    17 |     7 |     8 |     6 ||    63
       Potion            |       |       |       |     2 |     4 |     9 |    14 |    10 ||    39
 Stab: Distracted        |       |       |       |       |       |     1 |       |       ||     1
       Invisible         |       |       |       |       |       |       |       |    11 ||    11
  Eat: Chunk             |     5 |     4 |    24 |    31 |    29 |    24 |    10 |    29 ||   156
       Ration            |       |       |     1 |     1 |     2 |    14 |    18 |    14 ||    50
Armor: Robe              |     8 |     4 |    12 |    24 |     7 |       |       |       ||    55
       Scale mail        |       |       |       |       |    85 |   547 |   374 |   379 ||  1385
Dodge: Dodged            |    39 |    16 |    72 |    96 |   172 |   722 |   546 |   300 ||  1963
Block: Buckler           |       |       |       |    44 |   118 |   469 |   288 |   186 ||  1105
       Rpst.: Falchion   |       |       |    23 |    28 |    35 |       |       |       ||    86
       Long sword        |       |       |       |       |     3 |   128 |    46 |    26 ||   203
       Scimitar          |       |       |       |       |       |       |       |     2 ||     2

Table legend:
 A = Spawn XP
 B = Non-spawn XP
 C = Spawn XP percentage of total XP
 D = Spawn monster count
 E = Non-spawn monster count
 F = Spawn count percentage of total count
 G = Total turns spent on level
                    A         B        C        D         E        F      G
               +---------+---------+-------+---------+---------+-------+---------
         Total |       0 | 1012044 |   0.0 |       0 |    2130 |   0.0 | 102638
               +---------+---------+-------+---------+---------+-------+---------
           D:1 |       0 |      45 |   0.0 |       0 |      25 |   0.0 |  1517
           D:2 |       0 |      47 |   0.0 |       0 |      15 |   0.0 |  1437
           D:3 |       0 |     559 |   0.0 |       0 |      35 |   0.0 |  1558
           D:4 |       0 |     498 |   0.0 |       0 |      29 |   0.0 |  1287
           D:5 |       0 |     935 |   0.0 |       0 |      31 |   0.0 |  1335
           D:6 |       0 |     519 |   0.0 |       0 |      18 |   0.0 |  1033
           D:7 |       0 |    1423 |   0.0 |       0 |      20 |   0.0 |  1753
           D:8 |       0 |    3643 |   0.0 |       0 |      53 |   0.0 |  1847
           D:9 |       0 |    3954 |   0.0 |       0 |      43 |   0.0 |  2116
          D:10 |       0 |    4884 |   0.0 |       0 |      33 |   0.0 |  2018
          D:11 |       0 |   11183 |   0.0 |       0 |      87 |   0.0 |  3052
          D:12 |       0 |    5532 |   0.0 |       0 |      44 |   0.0 |  1919
          D:13 |       0 |    8462 |   0.0 |       0 |      33 |   0.0 |  1890
          D:14 |       0 |   11115 |   0.0 |       0 |      30 |   0.0 |  1928
          D:15 |       0 |   31819 |   0.0 |       0 |      53 |   0.0 |  3877
        Lair:1 |       0 |    4335 |   0.0 |       0 |      21 |   0.0 |  1866
        Lair:2 |       0 |    8888 |   0.0 |       0 |      28 |   0.0 |  1527
        Lair:3 |       0 |    5560 |   0.0 |       0 |      33 |   0.0 |  1576
        Lair:4 |       0 |   16663 |   0.0 |       0 |      48 |   0.0 |  2703
        Lair:5 |       0 |    8075 |   0.0 |       0 |      25 |   0.0 |  2963
        Lair:6 |       0 |   10932 |   0.0 |       0 |      35 |   0.0 |  1483
      Shoals:1 |       0 |    5750 |   0.0 |       0 |      11 |   0.0 |  1562
      Shoals:2 |       0 |   17473 |   0.0 |       0 |      30 |   0.0 |  1534
      Shoals:3 |       0 |   24224 |   0.0 |       0 |      39 |   0.0 |  1908
      Shoals:4 |       0 |   30658 |   0.0 |       0 |      47 |   0.0 |  2105
      Spider:1 |       0 |   15724 |   0.0 |       0 |      49 |   0.0 |  2014
      Spider:2 |       0 |   19459 |   0.0 |       0 |      55 |   0.0 |  2162
      Spider:3 |       0 |   24168 |   0.0 |       0 |      59 |   0.0 |  2659
      Spider:4 |       0 |   32611 |   0.0 |       0 |      77 |   0.0 |  2172
       Slime:1 |       0 |   24808 |   0.0 |       0 |      38 |   0.0 |   444
       Slime:2 |       0 |   17048 |   0.0 |       0 |      24 |   0.0 |  1087
       Slime:3 |       0 |   25694 |   0.0 |       0 |      40 |   0.0 |  1448
       Slime:4 |       0 |   15865 |   0.0 |       0 |      45 |   0.0 |  1322
       Slime:5 |       0 |   42293 |   0.0 |       0 |      28 |   0.0 |   358
         Orc:1 |       0 |    1448 |   0.0 |       0 |      17 |   0.0 |   999
         Orc:2 |       0 |   13511 |   0.0 |       0 |      77 |   0.0 |  1915
         Elf:1 |       0 |   24592 |   0.0 |       0 |      39 |   0.0 |  1853
         Elf:2 |       0 |   31618 |   0.0 |       0 |      45 |   0.0 |  1881
         Elf:3 |       0 |   43846 |   0.0 |       0 |      34 |   0.0 |  2936
      Vaults:1 |       0 |   68010 |   0.0 |       0 |     106 |   0.0 |  6282
      Vaults:2 |       0 |   67750 |   0.0 |       0 |      82 |   0.0 |  3769
      Vaults:3 |       0 |   44041 |   0.0 |       0 |      61 |   0.0 |  3325
      Vaults:4 |       0 |   60281 |   0.0 |       0 |      71 |   0.0 |  2907
      Depths:1 |       0 |   27080 |   0.0 |       0 |      52 |   0.0 |  3420
      Depths:2 |       0 |   74253 |   0.0 |       0 |      67 |   0.0 |  3741
      Depths:3 |       0 |   75297 |   0.0 |       0 |      79 |   0.0 |  3813
      Depths:4 |       0 |   26221 |   0.0 |       0 |      25 |   0.0 |  1322
        Bailey |       0 |    2528 |   0.0 |       0 |      27 |   0.0 |   769
         IceCv |       0 |   13467 |   0.0 |       0 |      57 |   0.0 |  2024
    Desolation |       0 |    3255 |   0.0 |       0 |      10 |   0.0 |    30
               +---------+---------+-------+---------+---------+-------+---------
